 Dungeon Crawl Stone Soup version 0.31.0-11-ge490571c62 (webtiles) character file.

Game seed: 7713532113498413612

116 qw the Skirmisher (level 4, -3/25 HPs)
             Began as a Deep Elf Hunter on Feb 4, 2024.
             Killed from afar by Ijyb (12 damage)
             ... with a puff of flame
             ... on level 3 of the Dungeon.
             The game lasted 00:00:06 (1502 turns).

qw the Skirmisher (Deep Elf Hunter)                 Turns: 1502, Time: 00:00:07

Health: -3/25      AC:  8    Str: 10    XL:     4   Next: 69%
Magic:  6/6        EV: 11    Int: 14    God:
Gold:   103        SH:  0    Dex: 18    Spells: 3/3 levels left

rFire   . . .        a - +0 shortbow
rCold   . . .        (shield currently unavailable)
rNeg    . . .        e - +0 ring mail
rPois   .            m - +0 helmet
rElec   .            (no cloak)
rCorr   .            k - +0 pair of gloves
SInv    .            f - +0 pair of boots
Will    .....        (no amulet)
Stlth   +            (no ring)
HPRegen 0.24/turn    (no ring)
MPRegen 0.10/turn

%: no passive effects
@: no status effects
A: no striking features
a: no special abilities


You were on level 3 of the Dungeon.
You visited 1 branch of the dungeon, and saw 3 of its levels.

You collected 136 gold pieces.
You spent 33 gold pieces at shops.


   Skills:
 - Level 1.5 Fighting
 - Level 8.1 Ranged Weapons
 + Level 0.0 Armour
 - Level 2.4 Dodging
 - Level 1.2 Stealth


You had 3 spell levels left.
You didn't know any spells.
Your spell library was empty.

Inventory:

Hand Weapons
 a - a +0 shortbow (weapon)
Armour
 e - a +0 ring mail (worn)
 f - a +0 pair of boots (worn)
 k - a +0 pair of gloves (worn)
 m - a +0 helmet (worn)
Scrolls
 h - 2 scrolls of teleportation
Potions
 d - a potion of invisibility {unknown}
 g - a potion of curing
 i - a potion of heal wounds {unknown}
 j - a potion of brilliance {unknown}
 p - a potion of enlightenment
 q - a potion of haste {unknown}

Dungeon Overview and Level Annotations

Branches:
Dungeon (3/15)

Altars:

Shops:
D:3 ?

Annotations:
D:3 Ijyb


Message History

1481 ||| FLEEEEING.
1482 ||| FLEEEEING.
Ijyb screams, "It's all mine!"
Ijyb zaps a wand.
The puff of flame hits you.
1483 ||| FLEEEEING.
1484 ||| FLEEEEING.
1485 ||| FLEEEEING.
1486 ||| FLEEEEING.
1487 ||| FLEEEEING.
1488 ||| FLEEEEING.
1489 ||| FLEEEEING.
You start resting.
Ijyb is nearby!
1493 ||| FLEEEEING.
You shoot an arrow. The arrow hits Ijyb but does no damage.
Ijyb is lightly wounded.
You shoot an arrow. The arrow hits Ijyb.
Ijyb is lightly wounded.
You shoot an arrow. The arrow closely misses Ijyb.
Ijyb zaps a wand.
The puff of flame hits you.
You shoot an arrow. The arrow closely misses Ijyb.
Ijyb zaps a wand.
The puff of flame hits you but does no damage.
You shoot an arrow. The arrow hits Ijyb but does no damage.
Ijyb is lightly wounded.
You shoot an arrow. The arrow hits Ijyb but does no damage.
Ijyb is lightly wounded.
Ijyb zaps a wand.
The puff of flame hits you.
You shoot an arrow. The arrow hits Ijyb but does no damage.
Ijyb is lightly wounded.
Ijyb hits you but does no damage.
You shoot an arrow. The arrow hits Ijyb but does no damage.
Ijyb is lightly wounded.
Ijyb zaps a wand.
The puff of flame hits you but does no damage.
Ijyb barely misses you.
You shoot an arrow. The arrow hits Ijyb.
Ijyb is lightly wounded.
Ijyb zaps a wand.
The puff of flame hits you!
You die...

#.# #.......#.####....
#.######...:............#
#.##..........##......#
##.##.####.#..###.....##
.......##..........####
.............####..# ##
.# .#7.....######
#..####. #.#
.#.............##.###..
..
##\.7#..#####...@g###.#
.# #####..## #.#....##.#
##.# # # ####
###.....####..#.###
#.##.....g.......
#..#..##..........
>.....#####........
###..## #........ #..#
#........ #.## #########


You could see Ijyb.

Vanquished Creatures
  A hound (D:3)
  3 adders (D:2)
  A dart slug (D:1)
  3 ribbon worms (D:2)
  4 ball pythons
  An endoplasm (D:1)
  4 giant cockroaches
  8 hobgoblins
  4 kobolds
  3 quokkas
  2 bats
  4 frilled lizards
  3 goblins
  9 rats
50 creatures vanquished.

Notes
Turn   | Place    | Note
-------+----------+-------------------------------------------
     0 | D:1      | qw the Deep Elf Hunter began the quest for the Orb.
     0 | D:1      | Reached XP level 1. HP: 12/12 MP: 3/3
     0 | D:1      | 0 ||| qw: Version: 0.3-a-160-g6735b56
     0 | D:1      | 0 ||| qw: Game counter: 4521
     0 | D:1      | 0 ||| qw: Melee chars always use a shield: true
     0 | D:1      | 0 ||| qw: God list: Okawaru
     0 | D:1      | 0 ||| qw: Allow faded altars: false
     0 | D:1      | 0 ||| qw: Do Orc after clearing Dungeon:15 true
     0 | D:1      | 0 ||| qw: Do second Lair branch before Depths: true
     0 | D:1      | 0 ||| qw: Lair rune preference: random
     0 | D:1      | 0 ||| qw: Goals: Normal
     0 | D:1      | 0 ||| PLANNING D:1-11
   145 | D:1      | Reached XP level 2. HP: 16/16 MP: 4/4
   154 | D:1      | Reached skill level 6 in Ranged Weapons
   523 | D:1      | Reached XP level 3. HP: 20/20 MP: 5/5
   589 | D:1      | 589 ||| UPGRADING to +0 ring mail.
   599 | D:1      | 599 ||| DROPPING +0 leather armour.
   600 | D:1      | 600 ||| UPGRADING to +0 pair of boots.
   605 | D:1      | 605 ||| UPGRADING to +0 pair of gloves.
   610 | D:1      | 610 ||| READING 2 scrolls labelled KIEBBI DUUTSET.
   615 | D:1      | 615 ||| READING scroll labelled YSHRYL IRENU.
   616 | D:1      | 616 ||| DROPPING scroll of butterflies.
   756 | D:2      | Reached skill level 7 in Ranged Weapons
   951 | D:2      | Reached XP level 4. HP: 25/25 MP: 6/6
  1346 | D:2      | 1346 ||| UPGRADING to +0 helmet.
  1351 | D:2      | 1351 ||| DROPPING ring of wizardry.
  1352 | D:2      | 1352 ||| READING scroll labelled FOOSI PUPRA.
  1353 | D:2      | 1353 ||| READING scroll labelled MAIGIQAESA.
  1354 | D:2      | 1354 ||| READING scroll labelled DAJIF XECANLOA.
  1354 | D:2      | 1354 ||| IDENTIFYING fuming dark potion
  1355 | D:2      | 1355 ||| DRINKING 2 inky potions.
  1356 | D:2      | 1356 ||| DRINKING 2 fizzy orange potions.
  1357 | D:2      | 1357 ||| DROPPING potion of attraction.
  1404 | D:3      | Reached skill level 8 in Ranged Weapons
  1431 | D:3      | Found Oskidyosm's Magic Scroll Boutique.
  1435 | D:3      | 1435 ||| BUYING scroll of teleportation (33 gold).
  1435 | D:3      | Bought a scroll of teleportation for 33 gold pieces
  1479 | D:3      | Noticed Ijyb
  1481 | D:3      | 1481 ||| FLEEEEING.
  1482 | D:3      | 1482 ||| FLEEEEING.
  1483 | D:3      | 1483 ||| FLEEEEING.
  1484 | D:3      | 1484 ||| FLEEEEING.
  1485 | D:3      | 1485 ||| FLEEEEING.
  1486 | D:3      | 1486 ||| FLEEEEING.
  1487 | D:3      | 1487 ||| FLEEEEING.
  1488 | D:3      | 1488 ||| FLEEEEING.
  1489 | D:3      | 1489 ||| FLEEEEING.
  1493 | D:3      | 1493 ||| FLEEEEING.
  1502 | D:3      | Killed from afar by Ijyb

Levels and vault maps discovered:
D:1:      dpeg_arrival_rhombi, layout_basic, minmay_misc_feat_five
D:2:      layout_basic, amcnicky_mini_pool_small, minmay_pentomino_pile
D:3:      layout_rooms, serial_shops, nicolae_shop_pleasant_corner_grove,
          ebering_ecumenical_altar_petrified, uniq_ijyb, uniq_natasha

Skill      XL: |  1  2  3  4 |
---------------+-------------+-----
Ranged Weapons | 6 7 8 |  8.1
Fighting       | |  1.5
Dodging        | |  2.4
Stealth        | |  1.2

Action                     |  1- 3 |  4- 6 || total
---------------------------+-------+-------++-------
   Fire: Shortbow          |   130 |    50 ||   180
    Use: Scroll            |     2 |     3 ||     5
         Potion            |       |     2 ||     2
 Armour: Leather armour    |     6 |       ||     6
         Ring mail         |    21 |    19 ||    40
  Dodge: Dodged            |    27 |    16 ||    43

Table legend:
 A = Non-vault XP
 B = Vault XP
 C = Vault XP percentage of total XP
 D = Non-vault monster count
 E = Vault monster count
 F = Vault count percentage of total count
                 A         B        C        D         E       F
            +---------+---------+-------+---------+---------+-------
      Total |     158 |       8 |   4.8 |      46 |       4 |   8.0
            +---------+---------+-------+---------+---------+-------
        D:1 |      41 |       0 |   0.0 |      24 |       0 |   0.0
        D:2 |      70 |       8 |  10.3 |      19 |       4 |  17.4
        D:3 |      47 |       0 |   0.0 |       3 |       0 |   0.0
            +---------+---------+-------+---------+---------+-------
